SNL (28 & UNDER)
MONTGOMERY BISCUITS @ GAINESVILLE GUIDOS
09/27/2026
 
TOP OF THE 1ST
Montgomery Biscuits batting - Pitching for Gainesville Guidos : RHP Rodney Hall
Pitching: RHP Rodney Hall
Batting: RHB Carlos Vásquez 0-0: Called Strike
0-1: Ball
1-1: Fly out, F7 (Line Drive, 78M)
Batting: SHB Jack Estes 0-0: Ball
1-0: Ball
2-0: Called Strike
2-1: Foul Ball, location: 2F
2-2: Ball
3-2: Base on Balls
Batting: RHB Warren Martin 0-0: Ball
Wild Pitch!
Jack Estes to second
1-0: Ball
2-0: DOUBLE (Line Drive, 78D)
Jack Estes scores
Batting: RHB Pete Smith 0-0: Foul Ball, location: 2F
0-1: Swinging Strike
0-2: Ball
1-2: Ball
Wild Pitch!
Warren Martin to third
2-2: Ball
3-2: Foul Ball, location: 2F
3-2: Strikes out swinging
Batting: RHB Juan Díaz 0-0: Swinging Strike
0-1: Foul Ball, location: 2F
0-2: Foul Ball, location: 2F
0-2: Strikes out swinging
Top of the 1st over - 1 run(s), 1 hit(s), 0 error(s), 1 left on base; Montgomery 1 - Gainesville 0
BOTTOM OF THE 1ST
Gainesville Guidos batting - Pitching for Montgomery Biscuits : RHP Ken Lyons
Pitching: RHP Ken Lyons
Batting: RHB Iván Moreno 0-0: Ground out 6-3 (Groundball, 6)
Batting: RHB Doug Coleman 0-0: Foul Ball, location: 2F
0-1: Foul Ball, location: 2F
0-2: Ball
1-2: Strikes out swinging
Batting: LHB Eddy Jefferson 0-0: Called Strike
0-1: Foul Ball, location: 2F
0-2: Strikes out looking
Bottom of the 1st over - 0 run(s), 0 hit(s), 0 error(s), 0 left on base; Montgomery 1 - Gainesville 0
TOP OF THE 2ND
Montgomery Biscuits batting - Pitching for Gainesville Guidos : RHP Rodney Hall
Batting: RHB Peyton Yardley 0-0: Called Strike
0-1: Swinging Strike
0-2: Fly out, F7 (Flyball, 7D)
Batting: RHB Rusty Downy 0-0: Ball
1-0: Ball
2-0: Ball
3-0: Called Strike
3-1: Foul Ball, location: 2F
3-2: Foul Ball, location: 2F
3-2: Strikes out swinging
Batting: RHB Raúl Alejándrez 0-0: Called Strike
0-1: Ball
1-1: Ball
2-1: Foul Ball, location: 2F
2-2: Strikes out swinging
Top of the 2nd over - 0 run(s), 0 hit(s), 0 error(s), 0 left on base; Montgomery 1 - Gainesville 0
BOTTOM OF THE 2ND
Gainesville Guidos batting - Pitching for Montgomery Biscuits : RHP Ken Lyons
Batting: RHB Kurt Walter 0-0: Called Strike
0-1: Ball
1-1: Ball
2-1: Called Strike
2-2: Strikes out looking
Batting: RHB Kyle O'Day 0-0: Ball
1-0: Ground out 6-3 (Groundball, 6)
Batting: LHB Scott Young 0-0: Foul Ball, location: 2F
0-1: Ball
1-1: Ground out 4-3 (Groundball, 4M)
Bottom of the 2nd over - 0 run(s), 0 hit(s), 0 error(s), 0 left on base; Montgomery 1 - Gainesville 0
TOP OF THE 3RD
Montgomery Biscuits batting - Pitching for Gainesville Guidos : RHP Rodney Hall
Batting: LHB António Fernández 0-0: Called Strike
0-1: Ball
1-1: SINGLE (Line Drive, 6D)
Batting: RHB Carlos Vásquez 0-0: Foul Ball, location: 2F
0-1: Ball
1-1: Called Strike
1-2: Strikes out swinging
Batting: SHB Jack Estes 0-0: SINGLE (Line Drive, 78M)
António Fernández to second
Batting: RHB Warren Martin 0-0: Ball
1-0: Fly out, F3 (Popup, 3F)
Batting: RHB Pete Smith 0-0: Swinging Strike
0-1: Called Strike
0-2: Ball
1-2: Strikes out looking
Top of the 3rd over - 0 run(s), 2 hit(s), 0 error(s), 2 left on base; Montgomery 1 - Gainesville 0
BOTTOM OF THE 3RD
Gainesville Guidos batting - Pitching for Montgomery Biscuits : RHP Ken Lyons
Batting: RHB Claudio Gonzáles 0-0: Called Strike
0-1: SINGLE (Flyball, 78S)
Batting: RHB Juan Reyes 0-0: Foul Ball, location: 2F
0-1: Grounds into double play, 6-4-3 (Groundball, 6M)
Batting: LHB Pedro Juárez 0-0: Ball
1-0: Ball
2-0: Foul Ball, location: 2F
2-1: Ball
3-1: Base on Balls
Batting: RHB Iván Moreno 0-0: Ball
1-0: Foul Ball, location: 2F
1-1: Swinging Strike
1-2: Ground out 1-3 (Groundball, 13)
Bottom of the 3rd over - 0 run(s), 1 hit(s), 0 error(s), 1 left on base; Montgomery 1 - Gainesville 0
TOP OF THE 4TH
Montgomery Biscuits batting - Pitching for Gainesville Guidos : RHP Rodney Hall
Batting: RHB Juan Díaz 0-0: Swinging Strike
0-1: Foul Ball, location: 2F
0-2: Ball
1-2: Ball
2-2: Foul Ball, location: 2F
2-2: DOUBLE (Line Drive, 9LM)
Batting: RHB Peyton Yardley 0-0: Called Strike
0-1: Foul Ball, location: 2F
0-2: Strikes out swinging
Batting: RHB Rusty Downy 0-0: Ball
1-0: Called Strike
1-1: Ball
2-1: Ball
3-1: Base on Balls
Batting: RHB Raúl Alejándrez 0-0: Called Strike
0-1: Ball
1-1: Fly out, F9 (Flyball, 9M)
Batting: LHB António Fernández 0-0: Ball
1-0: Ball
2-0: Called Strike
2-1: Ball
3-1: Base on Balls
Juan Díaz to third
Rusty Downy to second
Batting: RHB Carlos Vásquez 0-0: Ball
1-0: Ball
2-0: Called Strike
2-1: Foul Ball, location: 2F
2-2: Foul Ball, location: 2F
2-2: Ball
3-2: Foul Ball, location: 2F
3-2: Fly out, F6 (Line Drive, 6)
Top of the 4th over - 0 run(s), 1 hit(s), 0 error(s), 3 left on base; Montgomery 1 - Gainesville 0
BOTTOM OF THE 4TH
Gainesville Guidos batting - Pitching for Montgomery Biscuits : RHP Ken Lyons
Batting: RHB Doug Coleman 0-0: Foul Ball, location: 2F
0-1: SINGLE (Groundball, 6MD)
Batting: LHB Eddy Jefferson 0-0: Fielders Choice at 2nd, 3-6 (Groundball, 3)
Batting: RHB Kurt Walter 0-0: Called Strike
0-1: Ball
1-1: Ball
Throwing error on steal attempt, E2
Eddy Jefferson to third
2-1: SINGLE (Line Drive, 4M)
Eddy Jefferson scores
Batting: RHB Kyle O'Day 0-0: Called Strike
0-1: Ball
1-1: Ball
2-1: Ball
3-1: Foul Ball, location: 2F
3-2: Strikes out swinging
Batting: LHB Scott Young 0-0: Ball
1-0: Ball
Kurt Walter is caught stealing 2nd base
Bottom of the 4th over - 1 run(s), 2 hit(s), 1 error(s), 0 left on base; Montgomery 1 - Gainesville 1
TOP OF THE 5TH
Montgomery Biscuits batting - Pitching for Gainesville Guidos : RHP Rodney Hall
Batting: SHB Jack Estes 0-0: Called Strike
0-1: Fly out, F9 (Flyball, 89XD)
Batting: RHB Warren Martin 0-0: Ball
1-0: Ball
2-0: Called Strike
2-1: DOUBLE (Flyball, 78D)
Batting: RHB Pete Smith 0-0: Ball
1-0: Swinging Strike
1-1: Ball
2-1: Ball
3-1: Base on Balls
Batting: RHB Juan Díaz 0-0: Ball
1-0: Ball
2-0: Ball
3-0: Called Strike
3-1: Foul Ball, location: 2F
3-2: TRIPLE (Flyball, 89D)
Warren Martin scores
Pete Smith scores
Batting: RHB Peyton Yardley 0-0: Intentional Walk
Pitching: RHP Chris Chamberlain
Batting: RHB Rusty Downy 0-0: Ball
1-0: Foul Ball, location: 2F
1-1: Ball
2-1: Foul Ball, location: 2F
2-2: Strikes out swinging
Batting: RHB Raúl Alejándrez 0-0: Called Strike
0-1: Ball
1-1: Ball
2-1: Foul Ball, location: 2F
2-2: Strikes out swinging
Top of the 5th over - 2 run(s), 2 hit(s), 0 error(s), 2 left on base; Montgomery 3 - Gainesville 1
BOTTOM OF THE 5TH
Gainesville Guidos batting - Pitching for Montgomery Biscuits : RHP Ken Lyons
Batting: LHB Scott Young 0-0: Called Strike
0-1: Ball
1-1: Foul Ball, location: 2F
1-2: Ball
2-2: Ball
3-2: Strikes out swinging
Batting: RHB Claudio Gonzáles 0-0: Ball
1-0: DOUBLE (Line Drive, 7LM)
Batting: RHB Juan Reyes 0-0: Called Strike
0-1: Ball
1-1: SINGLE (Line Drive, 34D)
Claudio Gonzáles to third
Runner from 3rd tries for Home, SAFE, throw made home
Juan Reyes to second
Batting: LHB Pedro Juárez 0-0: Ball
1-0: Foul Ball, location: 2F
1-1: Ball
2-1: Swinging Strike
2-2: Foul Ball, location: 2F
2-2: Strikes out swinging
Batting: RHB Iván Moreno 0-0: Ball
1-0: Ground out 5-3 (Groundball, 5)
Bottom of the 5th over - 1 run(s), 2 hit(s), 0 error(s), 1 left on base; Montgomery 3 - Gainesville 2
TOP OF THE 6TH
Montgomery Biscuits batting - Pitching for Gainesville Guidos : RHP Chris Chamberlain
Batting: LHB António Fernández 0-0: Called Strike
0-1: Called Strike
0-2: Foul Ball, location: 2F
0-2: Foul Ball, location: 2F
0-2: Ball
1-2: Ball
2-2: Foul Ball, location: 2F
2-2: SOLO HOME RUN (Flyball, 89XD), Distance : 404 ft
Batting: RHB Carlos Vásquez 0-0: Called Strike
0-1: Ball
1-1: Swinging Strike
1-2: Strikes out swinging
Batting: SHB Jack Estes 0-0: Ball
1-0: Ball
2-0: Called Strike
2-1: Ball
3-1: Base on Balls
Batting: RHB Warren Martin 0-0: Foul Ball, location: 2F
0-1: Swinging Strike
0-2: Ball
1-2: Ball
2-2: Ball
3-2: TRIPLE (Flyball, 89XD)
Jack Estes scores
Batting: RHB Pete Smith 0-0: Foul Ball, location: 2F
0-1: Ball
Passed Ball!
Warren Martin scores
1-1: Ball
2-1: Called Strike
2-2: Ball
3-2: Base on Balls
Batting: RHB Juan Díaz 0-0: Foul Ball, location: 2F
0-1: Foul Ball, location: 2F
0-2: Ball
1-2: Strikes out swinging
Batting: RHB Peyton Yardley 0-0: Foul Ball, location: 2F
0-1: Ground out 5-3 (Groundball, 56S)
Top of the 6th over - 3 run(s), 2 hit(s), 0 error(s), 1 left on base; Montgomery 6 - Gainesville 2
BOTTOM OF THE 6TH
Gainesville Guidos batting - Pitching for Montgomery Biscuits : RHP Ken Lyons
Batting: RHB Doug Coleman 0-0: Ball
1-0: Foul Ball, location: 2F
1-1: Foul Ball, location: 2F
1-2: Strikes out looking
Batting: LHB Eddy Jefferson 0-0: Foul Ball, location: 2F
0-1: Ball
1-1: Fly out, F7 (Line Drive, 78M)
Batting: RHB Kurt Walter 0-0: Ball
1-0: Foul Ball, location: 2F
1-1: Called Strike
1-2: Strikes out looking
Bottom of the 6th over - 0 run(s), 0 hit(s), 0 error(s), 0 left on base; Montgomery 6 - Gainesville 2
TOP OF THE 7TH
Montgomery Biscuits batting - Pitching for Gainesville Guidos : RHP Chris Chamberlain
Batting: RHB Rusty Downy 0-0: Called Strike
0-1: Ball
1-1: Called Strike
1-2: Ball
2-2: Foul Ball, location: 2F
2-2: Foul Ball, location: 2F
2-2: Foul Ball, location: 2F
2-2: Ball
3-2: DOUBLE (Flyball, 7D)
Batting: RHB Raúl Alejándrez 0-0: Foul Ball, location: 2F
0-1: Swinging Strike
0-2: Strikes out swinging
Pitching: LHP Kelly Henry
Batting: LHB António Fernández 0-0: Foul Ball, location: 2F
0-1: Ground out 4-3 (Groundball, 4)
Rusty Downy to third
Batting: RHB Carlos Vásquez 0-0: Fly out, F6 (Popup, 6D)
Top of the 7th over - 0 run(s), 1 hit(s), 0 error(s), 1 left on base; Montgomery 6 - Gainesville 2
BOTTOM OF THE 7TH
Gainesville Guidos batting - Pitching for Montgomery Biscuits : RHP Ken Lyons
Batting: RHB Kyle O'Day 0-0: Ball
1-0: Called Strike
1-1: Foul Ball, location: 2F
1-2: Foul Ball, location: 2F
1-2: Strikes out swinging
Batting: LHB Scott Young 0-0: Ground out 1-3 (Groundball, 15)
Batting: RHB Claudio Gonzáles 0-0: Ground out 4-3 (Groundball, 4M)
Bottom of the 7th over - 0 run(s), 0 hit(s), 0 error(s), 0 left on base; Montgomery 6 - Gainesville 2
TOP OF THE 8TH
Montgomery Biscuits batting - Pitching for Gainesville Guidos : LHP Kelly Henry
Batting: SHB Jack Estes 0-0: Called Strike
0-1: Foul Ball, location: 2F
0-2: Ball
1-2: Foul Ball, location: 2F
1-2: Ball
2-2: Strikes out swinging
Batting: RHB Warren Martin 0-0: Foul Ball, location: 2F
0-1: Called Strike
0-2: Foul Ball, location: 2F
0-2: Ball
1-2: Ground out 1-3 (Groundball, 15S)
Batting: RHB Pete Smith 0-0: Ball
1-0: Fly out, F8 (Flyball, 8RM)
Top of the 8th over - 0 run(s), 0 hit(s), 0 error(s), 0 left on base; Montgomery 6 - Gainesville 2
BOTTOM OF THE 8TH
Gainesville Guidos batting - Pitching for Montgomery Biscuits : RHP Ken Lyons
Batting: RHB Juan Reyes 0-0: Ball
1-0: Called Strike
1-1: SINGLE (Line Drive, 6D)
Batting: LHB Pedro Juárez 0-0: Ball
1-0: Foul Ball, location: 2F
1-1: Ball
2-1: Ball
3-1: Base on Balls
Juan Reyes to second
Pitching: LHP Trevor Nichols
Batting: RHB Iván Moreno 0-0: Ball
1-0: Called Strike
1-1: Ball
2-1: Foul Ball, location: 2F
2-2: Foul Ball, location: 2F
2-2: Strikes out swinging
Batting: RHB Doug Coleman 0-0: Foul Ball, location: 2F
0-1: Foul Ball, location: 2F
0-2: Ball
1-2: Ball
2-2: Strikes out swinging
Batting: LHB Eddy Jefferson 0-0: Ball
1-0: Ball
2-0: Ball
3-0: Called Strike
3-1: Fly out, F5 (Popup, 5F)
Bottom of the 8th over - 0 run(s), 1 hit(s), 0 error(s), 2 left on base; Montgomery 6 - Gainesville 2
TOP OF THE 9TH
Montgomery Biscuits batting - Pitching for Gainesville Guidos : LHP Kelly Henry
Pitching: RHP Alfonso Martínez
Batting: RHB Juan Díaz 0-0: Ball
1-0: Called Strike
1-1: Ball
2-1: Ball
3-1: Called Strike
3-2: Foul Ball, location: 2F
3-2: Foul Ball, location: 2F
3-2: Foul Ball, location: 2F
3-2: DOUBLE (Line Drive, 9LS)
Batting: RHB Peyton Yardley 0-0: Intentional Walk
Batting: RHB Rusty Downy 0-0: Ball
1-0: Sac Bunt - play at first, batter safe!
Juan Díaz to third
Peyton Yardley to second
Batting: RHB Raúl Alejándrez 0-0: Called Strike
0-1: Ball
1-1: Ball
Wild Pitch!
Juan Díaz scores
Peyton Yardley to third
Rusty Downy to second
2-1: Ground out 6-3 (Groundball, 6M)
Peyton Yardley scores
Rusty Downy to third
Batting: LHB António Fernández 0-0: Ball
1-0: Ball
2-0: Called Strike
2-1: Swinging Strike
2-2: Strikes out swinging
Batting: RHB Carlos Vásquez 0-0: Ball
1-0: Ball
2-0: Foul Ball, location: 2F
2-1: Foul Ball, location: 2F
2-2: Strikes out swinging
Top of the 9th over - 2 run(s), 2 hit(s), 0 error(s), 1 left on base; Montgomery 8 - Gainesville 2
BOTTOM OF THE 9TH
Gainesville Guidos batting - Pitching for Montgomery Biscuits : LHP Trevor Nichols
Batting: RHB Kurt Walter 0-0: Called Strike
0-1: Called Strike
0-2: Strikes out looking
Batting: RHB Kyle O'Day 0-0: Fly out, F9 (Flyball, 9M)
Batting: LHB Scott Young 0-0: Ball
1-0: Ball
2-0: Ball
3-0: Called Strike
3-1: Called Strike
3-2: Base on Balls
Batting: RHB Claudio Gonzáles 0-0: Ball
1-0: Foul Ball, location: 2F
1-1: Reached on error, E5 (Groundball, 5)
Scott Young to second
Batting: RHB Juan Reyes 0-0: Ball
1-0: Ball
2-0: Ball
3-0: Called Strike
3-1: Base on Balls
Scott Young to third
Claudio Gonzáles to second
Batting: LHB Pedro Juárez 0-0: Ball
1-0: Ball
2-0: Foul Ball, location: 2F
2-1: Ball
3-1: Reached on error, E4 (Groundball, 4)
Scott Young scores
Claudio Gonzáles to third
Juan Reyes to second
Pitching: RHP Rick Grant
Batting: RHB Iván Moreno 0-0: Ball
1-0: Ball
2-0: Fly out, F4 (Popup, 34D)
Bottom of the 9th over - 1 run(s), 0 hit(s), 2 error(s), 3 left on base; Montgomery 8 - Gainesville 3
Monday, December 5th, 2016 - OOTP Baseball 17.12 Build 75